TOP OF THE 1ST |
Orlando Calrissian batting - Pitching for Toronto Titans : LHP Kent Robinson
|
Pitching: LHP Kent Robinson
|
|
Batting: RHB Jorge Rodríguez
|
0-0: Ball 1-0: Called Strike 1-1: Ball 2-1: Swinging Strike 2-2: Ball 3-2: Base on Balls
|
Batting: LHB Bryan Foster
|
0-0: Ball 1-0: Swinging Strike 1-1: Called Strike 1-2: Ball 2-2: Strikes out swinging
|
Batting: LHB Santiago Márquez
|
0-0: Ball 1-0: Foul Ball, location: 2F 1-1: Ball 2-1: Called Strike 2-2: Grounds into double play, 4-6-3 (Groundball, 4)
|
Top of the 1st over - 0 run(s), 0 hit(s), 0 error(s), 0 left on base; Orlando 0 - Toronto 0 |
BOTTOM OF THE 1ST |
Toronto Titans batting - Pitching for Orlando Calrissian : RHP Reagan Wear
|
Pitching: RHP Reagan Wear
|
|
Batting: SHB Ryobe Yamamoto
|
0-0: Bunt for hit - play at first, batter OUT! 1-3
|
Batting: LHB Lewis Barr
|
0-0: Ball 1-0: SOLO HOME RUN (Flyball, 7LD), Distance : 312 ft
|
Batting: LHB Jorge Martínez
|
0-0: Ball 1-0: Ball 2-0: Ball 3-0: Base on Balls
|
Batting: LHB José Rodríguez
|
0-0: Foul Ball, location: 2F 0-1: Swinging Strike 0-2: Ball 1-2: Fly out, F8 (Flyball, 8LXD)
|
Batting: LHB Anacleto Morillo
|
0-0: Ground out U3 (Groundball, 3)
|
Bottom of the 1st over - 1 run(s), 1 hit(s), 0 error(s), 1 left on base; Orlando 0 - Toronto 1 |
TOP OF THE 2ND |
Orlando Calrissian batting - Pitching for Toronto Titans : LHP Kent Robinson
|
Batting: RHB Rich Anderson
|
0-0: Ball 1-0: Called Strike 1-1: Ball 2-1: Fly out, F7 (Flyball, 78D)
|
Batting: RHB Jesús Maes
|
0-0: Ball 1-0: Foul Ball, location: 2F 1-1: SINGLE (Groundball, 4MD)
|
Batting: LHB Rubén Díaz
|
0-0: Ball 1-0: Fly out, F7 (Flyball, 78M)
|
Batting: RHB Dave Mullen
|
0-0: Called Strike 0-1: Ball 1-1: Ball 2-1: Fielders Choice at 2nd, 6-4 (Groundball, 6)
|
Top of the 2nd over - 0 run(s), 1 hit(s), 0 error(s), 0 left on base; Orlando 0 - Toronto 1 |
BOTTOM OF THE 2ND |
Toronto Titans batting - Pitching for Orlando Calrissian : RHP Reagan Wear
|
Batting: RHB Gilberto López
|
0-0: Ball 1-0: Ball 2-0: Swinging Strike 2-1: Foul Ball, location: 2F 2-2: Ball 3-2: Foul Ball, location: 2F 3-2: Strikes out swinging
|
Batting: LHB Kent MacDulothe
|
0-0: Called Strike 0-1: Foul Ball, location: 2F 0-2: Strikes out swinging
|
Batting: RHB Matt Doyle
|
0-0: Foul Ball, location: 2F 0-1: Called Strike 0-2: Foul Ball, location: 2F 0-2: Fly out, F9 (Flyball, 89M)
|
Bottom of the 2nd over - 0 run(s), 0 hit(s), 0 error(s), 0 left on base; Orlando 0 - Toronto 1 |
TOP OF THE 3RD |
Orlando Calrissian batting - Pitching for Toronto Titans : LHP Kent Robinson
|
Batting: RHB Raúl Canó
|
0-0: Called Strike 0-1: Swinging Strike 0-2: Ball 1-2: Ball 2-2: Strikes out swinging
|
Batting: RHB Eugene Gill
|
0-0: Ball 1-0: Called Strike 1-1: SINGLE (Line Drive, 4MD)
|
Batting: RHB Jorge Rodríguez
|
0-0: Ball Eugene Gill steals 2nd base 1-0: Called Strike 1-1: Foul Ball, location: 2F 1-2: Ball 2-2: Ball 3-2: Foul Ball, location: 2F 3-2: Foul Ball, location: 2F 3-2: Ground out 5-3 (Groundball, 5)
|
Batting: LHB Bryan Foster
|
0-0: Foul Ball, location: 2F 0-1: Ball 1-1: Ball 2-1: Ball 3-1: Foul Ball, location: 2F 3-2: Strikes out looking
|
Top of the 3rd over - 0 run(s), 1 hit(s), 0 error(s), 1 left on base; Orlando 0 - Toronto 1 |
BOTTOM OF THE 3RD |
Toronto Titans batting - Pitching for Orlando Calrissian : RHP Reagan Wear
|
Batting: RHB Manuel González
|
0-0: Ball 1-0: SINGLE (Groundball, 6D)
|
Batting: SHB Ryobe Yamamoto
|
0-0: Called Strike 0-1: Ball 1-1: Ball 2-1: Called Strike 2-2: Ball 3-2: Foul Ball, location: 2F 3-2: Foul Ball, location: 2F 3-2: Foul Ball, location: 2F Error on foul ball, E3 3-2: Foul Ball, location: 2F 3-2: Foul Ball, location: 2F 3-2: Base on Balls Manuel González to second
|
Batting: LHB Lewis Barr
|
0-0: Swinging Strike 0-1: Swinging Strike 0-2: Strikes out swinging
|
Batting: LHB Jorge Martínez
|
0-0: Ball 1-0: Called Strike 1-1: Ball 2-1: Ball 3-1: Foul Ball, location: 2F 3-2: Foul Ball, location: 2F 3-2: SINGLE (Line Drive, 3D) Manuel González to third Ryobe Yamamoto to second
|
Batting: LHB José Rodríguez
|
0-0: Called Strike 0-1: Ball 1-1: Foul Ball, location: 2F 1-2: Strikes out swinging
|
Batting: LHB Anacleto Morillo
|
0-0: Ball 1-0: Ball 2-0: Ball 3-0: Called Strike 3-1: Base on Balls Manuel González scores Ryobe Yamamoto to third Jorge Martínez to second
|
Batting: RHB Gilberto López
|
0-0: Ball 1-0: Fly out, F7 (Line Drive, 78M)
|
Bottom of the 3rd over - 1 run(s), 2 hit(s), 1 error(s), 3 left on base; Orlando 0 - Toronto 2 |
TOP OF THE 4TH |
Orlando Calrissian batting - Pitching for Toronto Titans : LHP Kent Robinson
|
Batting: LHB Santiago Márquez
|
0-0: Foul Ball, location: 2F 0-1: Ball 1-1: Ball 2-1: SINGLE (Groundball, 4MD)
|
Batting: RHB Rich Anderson
|
0-0: Ball 1-0: Foul Ball, location: 2F 1-1: Swinging Strike 1-2: SINGLE (Groundball, 56D) Santiago Márquez to second
|
Batting: RHB Jesús Maes
|
0-0: Ball 1-0: Called Strike 1-1: Swinging Strike 1-2: Ball 2-2: Foul Ball, location: 2F 2-2: Strikes out swinging
|
Pitching: RHP Dave Rhodes
|
|
Batting: LHB Rubén Díaz
|
0-0: Called Strike 0-1: Ball 1-1: Foul Ball, location: 2F 1-2: Foul Ball, location: 2F 1-2: Foul Ball, location: 2F 1-2: Ball 2-2: Ball 3-2: Foul Ball, location: 2F 3-2: Foul Ball, location: 2F 3-2: Base on Balls Santiago Márquez to third Rich Anderson to second
|
Batting: RHB Dave Mullen
|
0-0: Ball 1-0: SINGLE (Groundball, 4MD) Santiago Márquez scores Rich Anderson to third Rubén Díaz to second
|
Batting: RHB Raúl Canó
|
0-0: Grounds into fielders choice 1-2 (Groundball, 15) Rubén Díaz to third Dave Mullen to second
|
Batting: RHB Eugene Gill
|
0-0: Ball 1-0: Ball 2-0: Called Strike 2-1: Foul Ball, location: 2F 2-2: Fly out, F5 (Line Drive, 5)
|
Top of the 4th over - 1 run(s), 3 hit(s), 0 error(s), 3 left on base; Orlando 1 - Toronto 2 |
BOTTOM OF THE 4TH |
Toronto Titans batting - Pitching for Orlando Calrissian : RHP Reagan Wear
|
Batting: LHB Kent MacDulothe
|
0-0: Ball 1-0: Fly out, F9 (Flyball, 9D)
|
Batting: RHB Matt Doyle
|
0-0: Ball 1-0: Called Strike 1-1: Ball 2-1: Foul Ball, location: 2F 2-2: SINGLE (Line Drive, 7S)
|
Batting: RHB Manuel González
|
0-0: Ball 1-0: Ball 2-0: Foul Ball, location: 2F 2-1: Foul Ball, location: 2F 2-2: Ball 3-2: Base on Balls Matt Doyle to second
|
Batting: SHB Ryobe Yamamoto
|
0-0: Fly out, F9 (Flyball, 89XD) Runner from 2nd tags up, SAFE at 3rd, no throw
|
Batting: LHB Lewis Barr
|
0-0: Ball 1-0: Ball 2-0: Called Strike 2-1: Ground out 1-3 (Groundball, 15)
|
Bottom of the 4th over - 0 run(s), 1 hit(s), 0 error(s), 2 left on base; Orlando 1 - Toronto 2 |
TOP OF THE 5TH |
Orlando Calrissian batting - Pitching for Toronto Titans : RHP Pablo Cabral
|
Pitching: RHP Pablo Cabral
|
|
Batting: RHB Jorge Rodríguez
|
0-0: Ball 1-0: Foul Ball, location: 2F 1-1: SINGLE (Line Drive, 6MD)
|
Batting: LHB Bryan Foster
|
0-0: Ball 1-0: Called Strike 1-1: Called Strike 1-2: Ball 2-2: Strikes out swinging
|
Batting: LHB Santiago Márquez
|
0-0: Called Strike 0-1: Foul Ball, location: 2F 0-2: 2-RUN HOME RUN (Flyball, 89XD), Distance : 476 ft
|
Batting: RHB Rich Anderson
|
0-0: Ball 1-0: DOUBLE (Flyball, 8LXD)
|
Batting: RHB Jesús Maes
|
0-0: Ball 1-0: Foul Ball, location: 2F 1-1: Called Strike 1-2: SINGLE (Line Drive, 7LS) Rich Anderson to third
|
Batting: LHB Rubén Díaz
|
0-0: Called Strike 0-1: Swinging Strike 0-2: Foul Ball, location: 2F 0-2: Strikes out swinging
|
Pitching: LHP Roberto Vázquez
|
|
Batting: RHB Dave Mullen
|
0-0: Fly out, F8 (Flyball, 8RXD)
|
Top of the 5th over - 2 run(s), 4 hit(s), 0 error(s), 2 left on base; Orlando 3 - Toronto 2 |
BOTTOM OF THE 5TH |
Toronto Titans batting - Pitching for Orlando Calrissian : RHP Reagan Wear
|
Batting: LHB Jorge Martínez
|
0-0: Called Strike 0-1: Foul Ball, location: 2F 0-2: Ball 1-2: Ball 2-2: Ball 3-2: Fly out, F8 (Popup, 4MD)
|
Batting: LHB José Rodríguez
|
0-0: Ball 1-0: Ball 2-0: Called Strike 2-1: Called Strike 2-2: Fly out, F9 (Flyball, 89D)
|
Batting: LHB Anacleto Morillo
|
0-0: Foul Ball, location: 2F 0-1: Ball 1-1: Fly out, F6 (Line Drive, 6)
|
Bottom of the 5th over - 0 run(s), 0 hit(s), 0 error(s), 0 left on base; Orlando 3 - Toronto 2 |
TOP OF THE 6TH |
Orlando Calrissian batting - Pitching for Toronto Titans : LHP Roberto Vázquez
|
Batting: RHB Raúl Canó
|
0-0: Ball 1-0: Foul Ball, location: 2F 1-1: Ball 2-1: Ball 3-1: Bunt missed! 3-2: Base on Balls
|
Batting: RHB Eugene Gill
|
0-0: Ball 1-0: Called Strike 1-1: Grounds into double play, 4-6-3 (Groundball, 4)
|
Batting: RHB Jorge Rodríguez
|
0-0: Called Strike 0-1: Foul Ball, location: 2F 0-2: Ball 1-2: Foul Ball, location: 2F 1-2: Foul Ball, location: 2F 1-2: Ball 2-2: Ground out 6-3 (Groundball, 6)
|
Top of the 6th over - 0 run(s), 0 hit(s), 0 error(s), 0 left on base; Orlando 3 - Toronto 2 |
BOTTOM OF THE 6TH |
Toronto Titans batting - Pitching for Orlando Calrissian : RHP Reagan Wear
|
Batting: RHB Gilberto López
|
0-0: Ball 1-0: Ball 2-0: Swinging Strike 2-1: Foul Ball, location: 2F 2-2: Ball 3-2: Fly out, F7 (Popup, 6D)
|
Batting: LHB Kent MacDulothe
|
0-0: SINGLE (Flyball, 7S)
|
Batting: RHB Matt Doyle
|
0-0: Called Strike 0-1: Foul Ball, location: 2F 0-2: Ball 1-2: Strikes out swinging
|
Batting: RHB Manuel González
|
0-0: Called Strike 0-1: Ball 1-1: Ball 2-1: Foul Ball, location: 2F 2-2: Fly out, F9 (Flyball, 89S)
|
Bottom of the 6th over - 0 run(s), 1 hit(s), 0 error(s), 1 left on base; Orlando 3 - Toronto 2 |
TOP OF THE 7TH |
Orlando Calrissian batting - Pitching for Toronto Titans : LHP Roberto Vázquez
|
Batting: LHB Bryan Foster
|
0-0: Called Strike 0-1: SOLO HOME RUN (Flyball, 9D), Distance : 351 ft
|
Batting: LHB Santiago Márquez
|
0-0: Foul Ball, location: 2F 0-1: Ball 1-1: Swinging Strike 1-2: Ball 2-2: Ball 3-2: Foul Ball, location: 2F 3-2: Strikes out looking
|
Pitching: LHP Braydon Schute
|
|
Batting: RHB Rich Anderson
|
0-0: Ball 1-0: Ball 2-0: Called Strike 2-1: Fly out, F7 (Flyball, 7M)
|
Batting: RHB Jesús Maes
|
0-0: Ball 1-0: Foul Ball, location: 2F 1-1: SOLO HOME RUN (Flyball, 7D), Distance : 356 ft
|
Batting: LHB Rubén Díaz
|
0-0: Foul Ball, location: 2F 0-1: Swinging Strike 0-2: Strikes out looking
|
Top of the 7th over - 2 run(s), 2 hit(s), 0 error(s), 0 left on base; Orlando 5 - Toronto 2 |
BOTTOM OF THE 7TH |
Toronto Titans batting - Pitching for Orlando Calrissian : RHP Reagan Wear
|
Pitching: LHP Mark Murchison
|
|
Batting: SHB Ryobe Yamamoto
|
0-0: Called Strike 0-1: Ball 1-1: Swinging Strike 1-2: Ball 2-2: Ball 3-2: Foul Ball, location: 2F 3-2: Ground out U3 (Groundball, 3S)
|
Batting: LHB Lewis Barr
|
0-0: Called Strike 0-1: SINGLE (Flyball, 7LS)
|
Batting: LHB Jorge Martínez
|
0-0: Foul Ball, location: 2F 0-1: Foul Ball, location: 2F 0-2: Foul Ball, location: 2F 0-2: Strikes out swinging
|
Batting: LHB José Rodríguez
|
0-0: Ball 1-0: Ball 2-0: Foul Ball, location: 2F 2-1: SINGLE (Groundball, 34D) Lewis Barr to second Runner from 2nd tries for 3rd, OUT!
|
Bottom of the 7th over - 0 run(s), 2 hit(s), 0 error(s), 1 left on base; Orlando 5 - Toronto 2 |
TOP OF THE 8TH |
Orlando Calrissian batting - Pitching for Toronto Titans : LHP Braydon Schute
|
Batting: RHB Dave Mullen
|
0-0: Called Strike 0-1: Ball 1-1: Ball 2-1: Fly out, F8 (Flyball, 8LS)
|
Batting: RHB Raúl Canó
|
0-0: Called Strike 0-1: SINGLE (Groundball, 4M)
|
Batting: RHB Eugene Gill
|
0-0: Called Strike Raúl Canó steals 2nd base 0-1: Ball 1-1: Swinging Strike 1-2: Strikes out looking
|
Pitching: LHP Santiago González
|
|
Batting: RHB Jorge Rodríguez
|
0-0: Called Strike 0-1: Foul Ball, location: 2F 0-2: 2-RUN HOME RUN (Flyball, 7LD), Distance : 338 ft
|
Batting: LHB Bryan Foster
|
0-0: Ball 1-0: Swinging Strike 1-1: SINGLE (Groundball, 4MD)
|
Batting: LHB Santiago Márquez
|
0-0: Swinging Strike 0-1: Ball 1-1: SINGLE (Line Drive, 4MD) Bryan Foster to second Runner from 2nd tries for 3rd, SAFE, throw made to third
|
Batting: RHB Rich Anderson
|
0-0: Swinging Strike 0-1: Ball 1-1: Called Strike 1-2: SINGLE (Popup, 9S) Bryan Foster scores Santiago Márquez to second Runner from 2nd tries for 3rd, SAFE, throw made to third
|
Batting: RHB Jesús Maes
|
0-0: Swinging Strike Single, Error in OF, E7, batter to second base Santiago Márquez scores Rich Anderson to third
|
Batting: LHB Rubén Díaz
|
0-0: Called Strike 0-1: Ball 1-1: Ball 2-1: Foul Ball, location: 2F 2-2: Ball 3-2: SINGLE (Groundball, 56D) Rich Anderson scores Jesús Maes to third Jesús Maes scores
|
Pitching: RHP Roland Harrison
|
|
Batting: RHB Dave Mullen
|
0-0: TRIPLE (Flyball, 89D) Rubén Díaz scores
|
Batting: RHB Raúl Canó
|
0-0: Ball 1-0: Ball 2-0: Ball 3-0: Base on Balls
|
Batting: RHB Eugene Gill
|
0-0: Ball 1-0: Ground out 3-1 (Groundball, 34)
|
Top of the 8th over - 7 run(s), 8 hit(s), 1 error(s), 2 left on base; Orlando 12 - Toronto 2 |
BOTTOM OF THE 8TH |
Toronto Titans batting - Pitching for Orlando Calrissian : LHP Mark Murchison
|
Batting: LHB Anacleto Morillo
|
0-0: Ball 1-0: Called Strike 1-1: Ball 2-1: Foul Ball, location: 2F 2-2: Ball 3-2: Base on Balls
|
Batting: RHB Gilberto López
|
0-0: Ball 1-0: Fly out, F9 (Flyball, 9M)
|
Batting: LHB Kent MacDulothe
|
0-0: DOUBLE (Flyball, 7LS) Anacleto Morillo to third
|
Batting: RHB Matt Doyle
|
0-0: Ball 1-0: Foul Ball, location: 2F 1-1: Swinging Strike 1-2: Ground out 6-3 (Groundball, 6M) Anacleto Morillo scores Kent MacDulothe to third
|
Batting: RHB Manuel González
|
0-0: Ball 1-0: Called Strike 1-1: Fly out, F6 (Popup, 4M)
|
Bottom of the 8th over - 1 run(s), 1 hit(s), 0 error(s), 1 left on base; Orlando 12 - Toronto 3 |
TOP OF THE 9TH |
Orlando Calrissian batting - Pitching for Toronto Titans : RHP Roland Harrison
|
Batting: RHB Jorge Rodríguez
|
0-0: Swinging Strike 0-1: Ground out 6-3 (Groundball, 6)
|
Batting: LHB Bryan Foster
|
0-0: Ground out 4-3 (Groundball, 34)
|
Batting: LHB Santiago Márquez
|
0-0: Called Strike 0-1: Swinging Strike 0-2: Foul Ball, location: 2F 0-2: Ball 1-2: Ball 2-2: SINGLE (Flyball, 7LS)
|
Batting: RHB Rich Anderson
|
0-0: Foul Ball, location: 2F 0-1: Ball 1-1: Ball 2-1: Fly out, F7 (Flyball, 7D)
|
Top of the 9th over - 0 run(s), 1 hit(s), 0 error(s), 1 left on base; Orlando 12 - Toronto 3 |
BOTTOM OF THE 9TH |
Toronto Titans batting - Pitching for Orlando Calrissian : LHP Mark Murchison
|
Batting: SHB Ryobe Yamamoto
|
0-0: Bunt missed! 0-1: Called Strike 0-2: Ball 1-2: Ball 2-2: Foul Ball, location: 2F 2-2: Ground out 4-3 (Groundball, 34)
|
Batting: LHB Lewis Barr
|
0-0: Called Strike 0-1: Foul Ball, location: 2F 0-2: Ball 1-2: Fly out, F8 (Flyball, 8LD)
|
Batting: LHB Jorge Martínez
|
0-0: Foul Ball, location: 2F 0-1: Ball 1-1: Called Strike 1-2: Foul Ball, location: 2F 1-2: Ball 2-2: Ball 3-2: Fly out, F8 (Flyball, 8LS)
|
Bottom of the 9th over - 0 run(s), 0 hit(s), 0 error(s), 0 left on base; Orlando 12 - Toronto 3 |
|